cohdb
Replays
Latest Replays
All Replays
Popular Replays
Top Player Replays
Match Explorer
How It Works
Community
CoH3 Stats
Reddit
Sign in to upload your games and track your stats! →
Sign in with Steam
Match 41284474
Unlisted
Match 41284474
Overview
Messages
Build Orders
End
Kradschützen Motorcycle Team
Panzerpioneer Squad
Selects Italian Infantry
250 Light Carrier
Construct Light Support Kompanie
Panzerjäger Squad
Panzerjäger Squad
Fire Support Elements
Selects Guastatori Squad
Guastatori Squad
Panzerjäger Mechanized Group
Flakvierling Half-track
Guastatori Squad
Selects Sound the Alarm
2.5-tonne Medical Truck
Construct Panzerarmee Kommand
Selects Prepared Positions
Vehicle Survival Package
Armored Reserves
Guastatori Squad
Veteran Squad Leaders
Emergency Repair Kits
Selects Obice 305mm Barrage
Obice 305mm Barrage
Tiger Heavy Tank
Obice 305mm Barrage
UH|dun! ツ
P1
Nath88bk
gUi
< blank >
toigli
0
0
Comments
sign in to comment!
No comments posted yet!